 Dungeon Crawl Stone Soup version 0.30-a0-457-g4b7bca3bfa (webtiles) character file.

Game seed: 18242653281881892867

94 NinjaNoafa the Grave Robber (level 4, -4/33 HPs)
             Began as a Ghoul Necromancer on Dec 13, 2022.
             Killed by an exploding river rat skeleton (26 damage)
             ... ignited by their inner flame
             ... on level 3 of the Dungeon.
             The game lasted 00:03:55 (2335 turns).

NinjaNoafa the Grave Robber (Ghoul Necromancer)     Turns: 2335, Time: 00:03:56

Health: -4/33      AC:  2    Str: 11    XL:     4   Next: 63%
Magic:  2/6        EV: 12    Int: 12    God:
Gold:   190        SH:  0    Dex:  9    Spells: 3/7 levels left

rFire   . . .      SeeInvis .    h - staff of conjuration
rCold   + . .      Faith    .    (no shield)
rNeg    + + +      Spirit   .    a - +0 robe
rPois   ∞          Reflect  .    (no helmet)
rElec   .          Harm     .    (no cloak)
rCorr   .          Rampage  .    (no gloves)
Will    .....                    (no boots)
Stlth   +.........               (no amulet)
HPRegen 0.00/turn                (no ring)
MPRegen 0.10/turn                (no ring)

@: inhibited regen, very slow
A: claws 1, cold resistance 1, negative energy resistance 3, inhibited
regeneration, torment resistance 2, devour on kill
a: no special abilities


You were on level 3 of the Dungeon.
You visited 1 branch of the dungeon, and saw 3 of its levels.

You collected 190 gold pieces.

Inventory:

Missiles
 l - 2 stones
Armour
 a - a +0 robe (worn)
Magical Staves
 h - a staff of conjuration (weapon)
Scrolls
 b - 2 scrolls of blinking
 f - a scroll of enchant weapon
 j - a scroll of torment {unknown}
 k - a scroll of fog {unknown}
Potions
 c - a potion of degeneration {unknown}
 d - 2 potions of ambrosia {unknown}
 e - 4 potions of brilliance {unknown}
 m - a potion of haste {unknown}


   Skills:
 - Level 1.7 Dodging
 - Level 2.1 Stealth
 * Level 2.2 Spellcasting
 + Level 5.6 Necromancy


You had 3 spell levels left.
You knew the following spells:

 Your Spells              Type           Power      Damage    Failure   Level
a - Necrotise             Necr           56%        1d6       2%          1
b - Vampiric Draining     Necr           14%        2d7       8%          3

Your spell library contained the following spells:

 Spells                   Type           Power      Damage    Failure   Level
 Animate Dead             Necr           14%        N/A       26%         4
 Agony                    Necr           14%        N/A       58%         5


Dungeon Overview and Level Annotations

Branches:
Dungeon (3/15)

Altars:

Portals:
Sewer: D:3


Innate Abilities, Weirdness & Mutations

You are immune to poison.
You have sharp fingernails.
Your flesh is cold resistant. (rC+)
You are immune to negative energy. (rN+++)
You do not regenerate when monsters are visible.
You are immune to unholy pain and torment.
You thrive by killing the living.


Message History

The ball python barely misses you. x2
The ball python bites you but does no damage.
The ball python grabs you. The ball python constricts you.
You hit the ball python. You claw the ball python.
You kill the ball python!
Your river rat skeleton closely misses the giant cockroach.
The giant cockroach bites you. The giant cockroach bites you.
Your river rat skeleton bites the giant cockroach.
You completely miss the giant cockroach.
The giant cockroach is heavily wounded.
The giant cockroach bites you.
Your river rat skeleton barely misses the giant cockroach.
The giant cockroach bites you but does no damage.
You hit the giant cockroach.
You kill the giant cockroach!
You swap places.
Okay, then.
Unknown command.
You enter the shallow water.
Moving in this stuff is going to be slow.
You open the door. 2 river rats come into view.
Found a glowing drain.
A rat and an adder come into view.
The adder hisses angrily.
The river rat bites you. x2
There is an open door here.
You enter the shallow water.
Moving in this stuff is going to be slow.
The river rat bites your river rat skeleton!
Okay, then.
As you read the scroll labelled QIRIORPHAYHU, it crumbles to dust.
The creatures around you are filled with an inner flame!
It was a scroll of immolation.
The river rat bites your river rat skeleton.
Your river rat skeleton explodes!
The fiery explosion engulfs you!!
Ouch! That really hurt!
You die...

##########
#.~.~+~~~#
##...~#Sr~#
#....§#rr~#
#...~~§####
#...~@§§~~#
#....~..~~#
#.......~.#
#..†......#
#.......###
###.#######
##########...#
...........###
.....#.##..#


You could see an adder (inner flame), 2 river rats and a rat (inner flame).

Vanquished Creatures
  A hound (D:2)
  A river rat (D:3)
  A dart slug (D:2)
  4 endoplasms
  6 giant cockroaches
  8 hobgoblins
  A kobold (D:2)
  7 quokkas
  6 ball pythons
  5 bats
  5 frilled lizards
  A rat (D:1)
46 creatures vanquished.

Vanquished Creatures (collateral kills)
  A hobgoblin (D:1)
  A ball python (D:3)
  A rat (D:1)
3 creatures vanquished.

Grand Total: 49 creatures vanquished

Notes
Turn   | Place    | Note
-------+----------+-------------------------------------------
     0 | D:1      | NinjaNoafa the Ghoul Necromancer began the quest for the
                  | Orb.
     0 | D:1      | Reached XP level 1. HP: 14/14 MP: 2/2
   110 | D:1      | Reached XP level 2. HP: 20/20 MP: 0/4
   713 | D:1      | Reached XP level 3. HP: 26/26 MP: 3/5
  1561 | D:2      | Learned a level 3 spell: Vampiric Draining
  1741 | D:2      | Reached skill level 5 in Necromancy
  1947 | D:2      | Reached XP level 4. HP: 21/33 MP: 1/6
  2332 | D:3      | Found a glowing drain.
  2335 | D:3      | Killed by an exploding river rat skeleton... ignited by
                  | their inner flame

Illustrated notes

Levels and vault maps discovered:
D:1:      beargit_arrival_greenhouse, layout_basic, serial_glass,
          glass_columns_b, glass_columns_a, minmay_pentomino_v4
D:2:      layout_loops_cross, serial_glass, glass_columns_a, glass_columns_b,
          feat_on_display, feat_on_display, item_on_display_a
D:3:      layout_basic, mainiacjoe_overflow_big_doors, serial_shops, shop,
          portal_sewer_entry_e, wad_orctagon

Skill      XL: |  1  2  3 |
---------------+----------+-----
Spellcasting   | 2 |  2.2
Necromancy     | 5 |  5.6
Dodging        | |  1.7
Stealth        | |  2.1

Action                   |  1- 3 |  4- 6 || total
-------------------------+-------+-------++-------
Melee: Unarmed           |    15 |       ||    15
       Staff             |    14 |     4 ||    18
       Punch             |       |     1 ||     1
 Cast: Necrotise         |    73 |     9 ||    82
       Vampiric Draining |     2 |     1 ||     3
  Use: Potion            |     1 |       ||     1
       Scroll            |       |     4 ||     4
Armor: Robe              |     8 |     3 ||    11
Dodge: Dodged            |    36 |     8 ||    44

Table legend: (Time is in decaauts)
 A = Elapsed time spent in this place.
 B = Non-inter-level travel time spent in this place.
 C = Inter-level travel time spent in this place.
 D = Time resting spent in this place.
 E = Time spent auto-exploring this place.
 F = Levels seen in this place.
 G = Mean time per level.
                   A        B        C        D        E       F      G
               +--------+--------+--------+--------+--------+-----+--------+
         Total |   2337 |   2295 |     42 |      0 |   1942 |   3 |  779.0 |
       Dungeon |   2337 |   2295 |     42 |      0 |   1942 |   3 |  779.0 |
               +--------+--------+--------+--------+--------+-----+--------+

Top non-repeatable levels by time:
     D:1: 1200 daAuts
     D:2: 1017 daAuts
     D:3: 120 daAuts
